 Dungeon Crawl Stone Soup version 0.23-b1-84-g6588a6b (webtiles) character file.

Game seed: 8928656842601542411

105 HoaS the Ruffian (level 4, 0/29 HPs)
             Began as a Gargoyle Berserker on Feb 3, 2019.
             Was a Believer of Trog.
             Slain by a leopard gecko (1 damage)
             ... on level 3 of the Dungeon on Feb 7, 2019.
             The game lasted 00:06:18 (1615 turns).

HoaS the Ruffian (Gargoyle Berserker)               Turns: 1615, Time: 00:06:19

Health: 0/29       AC: 13    Str: 20    XL:     4   Next: 81%
Magic:  4/4        EV: 11    Int:  8    God:    Trog [**....]
Gold:   135        SH:  0    Dex: 10    Spells: 3/3 levels left

rFire    . . .     SeeInvis .     - Unarmed
rCold    . . .     Gourm    .   (no shield)
rNeg     + . .     Faith    .   d - +3 ring mail
rPois    ∞         Spirit   .   (no helmet)
rElec    +         Reflect  .   (no cloak)
rCorr    .         Harm     .   (no gloves)
MR       .....                  j - +0 pair of boots
Stlth    ..........             (no amulet)
HPRegen  0.09/turn              (no ring)
MPRegen  0.09/turn              (no ring)

@: confused
A: negative energy resistance 1, electricity resistance, unbreathing,
petrification resistance, rot immunity, AC +3
a: Berserk, Trog's Hand, Renounce Religion


You were on level 3 of the Dungeon.
You worshipped Trog.
Trog was pleased with you.
You were hungry.

You visited 1 branch of the dungeon, and saw 3 of its levels.

You collected 135 gold pieces.

Inventory:

Armour
 d - a +3 ring mail (worn)
 j - a +0 pair of boots (worn)
Scrolls
 f - 2 scrolls of remove curse
 k - a scroll of identify
Potions
 a - 4 potions of curing {unknown}
 e - 2 potions of berserk rage
 g - a potion of agility {unknown}
 h - a potion of heal wounds {unknown}
 i - a potion of lignification {unknown}
 l - 2 potions of might {unknown}
 m - 2 potions of flight {unknown}
Comestibles
 b - 3 rations
 c - 5 chunks of flesh


   Skills:
 + Level 3.9 Fighting
 + Level 3.0 Armour
 + Level 2.2 Dodging
 * Level 4.1 Unarmed Combat


You had 3 spell levels left.
You didn't know any spells.
Your spell library was empty.

Dungeon Overview and Level Annotations

Branches:
Dungeon (3/15)

Altars:
Qazlal
Xom

Annotations:
D:3 Ijyb, Natasha


Innate Abilities, Weirdness & Mutations

You are resistant to torment.
Your stone body is resilient. (AC +3)
You are immune to poison.
You resist negative energy. (rN+)
You are resistant to electric shocks. (rElec)
You can survive without breathing.
You are immune to petrification.
You are immune to rotting.


Message History

The giant cockroach bites you but does no damage.
The leopard gecko barely misses you.
The crimson imp blinks!
The crimson imp hits you but does no damage.
The white imp barely misses you.
The white imp disappears in a puff of smoke!
The crimson imp disappears in a puff of smoke!
Ijyb hits you with a +0 club.
* * * LOW HITPOINT WARNING * * *
Found 16 stones.
You see here a rat corpse.
You miss Ijyb.
The giant cockroach bites you but does no damage.
The leopard gecko bites you but does no damage.
Natasha extends her claws.
Ijyb hits you with a +0 club.
* * * LOW HITPOINT WARNING * * *
The giant cockroach closely misses you.
The crimson imp hits you but does no damage.
The leopard gecko bites you.
You die...

....... #.#
.......####.#
..........#.#.#######
.........#.#.#.....#
.........#.#...÷...#
#####§.?...###.#####.#
#.ssh............#
###gl5.###.#######
#.@..# #.# #.. #....#
#.# ###.. #.%..# #.#
#...# #....# #.# #...#
#....# #.# #...#
#....# #.# #...#
#...(# #.# #...#
###### #.# #..÷#
#.###.).####


You could see Ijyb, Natasha, a crimson imp, a leopard gecko and 2 giant
cockroaches.

Vanquished Creatures
  Natasha (D:3)
  4 adders (D:2)
  2 worms (D:2)
  2 leopard geckos
  2 giant cockroaches
  2 goblins (D:2)
  3 hobgoblins
  2 jackals (D:3)
  A quokka (D:2)
  7 bats
  A frilled lizard (D:1)
  4 kobolds
  7 rats
38 creatures vanquished.

Vanquished Creatures (others)
  A rat (D:3)
1 creature vanquished.

Grand Total: 39 creatures vanquished

Notes
Turn   | Place    | Note
-------+----------+-------------------------------------------
     0 | D:1      | HoaS the Gargoyle Berserker began the quest for the Orb.
     0 | D:1      | Reached XP level 1. HP: 14/14 MP: 1/1
   205 | D:1      | Reached XP level 2. HP: 19/19 MP: 2/2
   610 | D:1      | Upgraded the game from 0.23-b1-49-g13d5857 to
                  | 0.23-b1-84-g6588a6b
   631 | D:2      | Reached XP level 3. HP: 21/23 MP: 3/3
   774 | D:2      | Reached ** piety under Trog
   943 | D:2      | Reached XP level 4. HP: 28/29 MP: 4/4
  1009 | D:2      | Found a shimmering altar of Xom.
  1321 | D:3      | Noticed Natasha
  1356 | D:3      | Killed Natasha
  1356 | D:3      | Reached skill level 4 in Unarmed Combat
  1394 | D:3      | Found a stormy altar of Qazlal.
  1588 | D:3      | Noticed Ijyb
  1590 | D:3      | Noticed Natasha
  1614 | D:3      | HP: 1/29 [Ijyb/+0 club (1)]
  1615 | D:3      | Slain by a leopard gecko

Skill      XL: |  1  2  3  4 |
---------------+-------------+-----
Dodging        | 2 |  2.2
Armour         | 3 |  3.0
Unarmed Combat | 4 |  4.1
Fighting       | |  3.9

Action                   |  1- 3 |  4- 6 || total
-------------------------+-------+-------++-------
Melee: Unarmed           |   131 |    75 ||   206
       Punch             |       |     3 ||     3
  Use: Scroll            |     4 |     1 ||     5
  Eat: Chunk             |       |     2 ||     2
Armor: Ring mail         |    54 |    65 ||   119
       Animal skin       |     5 |       ||     5
Dodge: Dodged            |    75 |    70 ||   145
